AoeStats
← kimbo

Arabia

506112947Analyzed
2v2 RM · 21d ago on Sep 12, 2026· 22m 17s· 4 players
Game mode
Random Map
Map size
Medium (4 player)
Population
200
Speed
Normal
Resources
Standard
Victory
Conquest
Starting age
Dark Age
Ending age
Imperial Age
RankedLock teamsTeams togetherTeam positionsShared explorationLock speedFull tech treeHidden civsTurbo modeCheats
Victory
Defeat
🇦🇷 Maya · Argentina
1331
+14
🇦🇷 Persians · Argentina
1327
+14
🇨🇳 Magyars · China
1301
-14
🇩🇪 Aztecs · Germany
1276
-14
Rec
7:30 Loom
10:03 Feudal Age
13:27 Forging
17:08 Scale Mail Armor
鹏程
7:04 Loom
9:26 Feudal Age
10:11 Double-Bit Axe
14:26 Horse Collar
16:20 Scale Barding Armor
19:54 Wheelbarrow
19:41 Fletching
Pingocho
8:38 Feudal Age
8:13 Loom
9:18 Double-Bit Axe
20:23 Castle Age
19:17 Scale Barding Armor
19:24 Bloodlines
19:58 Horse Collar
20:12 Gold Mining
21:12 Chain Barding Armor
kimbo
0:25 Loom
9:34 Feudal Age
15:16 Fletching
23:16 Castle Age
22:29 Padded Archer Armor
22:21 Gold Mining
Connection lost

Rejoining the realm…

Still unreachable

The connection could not be restored.

Session expired

The server has moved on; the page needs a fresh start.